 Dungeon Crawl Stone Soup version 0.25.0-26-g0c896c7088 (webtiles) character file.

Game seed: 5815595518408661237

147 Exodus22XD the Slasher (level 5, -3/42 HPs)
             Began as a Human Berserker on July 4, 2020.
             Was a Believer of Trog.
             Killed from afar by an orc wizard (6 damage)
             ... with a puff of flame
             ... on level 3 of the Dungeon.
             The game lasted 00:02:34 (2241 turns).

Exodus22XD the Slasher (Human Berserker)            Turns: 2241, Time: 00:02:35

Health: -3/42      AC: 11    Str: 18    XL:     5   Next: 55%
Magic:  14/14      EV:  6    Int:  8    God:    Trog [**....]
Gold:   101        SH:  0    Dex: 12    Spells: 4/4 levels left

rFire    . . .     SeeInvis .   a - +0 falchion
rCold    . . .     Gourm    .   (no shield)
rNeg     + . .     Faith    .   u - +0 plate armour
rPois    .         Spirit   .   (no helmet)
rElec    .         Reflect  .   (no cloak)
rCorr    .         Harm     .   (no gloves)
MR       .....                  (no boots)
Stlth    ..........             l - amulet of magic regeneration (curse)
HPRegen  0.14/turn              o - ring of magical power
MPRegen  0.39/turn              p - ring of positive energy

@: berserk cooldown, slowed, very slow
A: no striking features
a: Berserk, Trog's Hand, Renounce Religion


You were on level 3 of the Dungeon.
You worshipped Trog.
Trog was pleased with you.
You were near starving.

You visited 1 branch of the dungeon, and saw 3 of its levels.

You collected 101 gold pieces.

Inventory:

Hand Weapons
 a - a +0 falchion (weapon)
Armour
 u - a +0 plate armour (worn)
Jewellery
 l - a cursed amulet of magic regeneration (around neck)
 o - a ring of magical power (left hand)
 p - a ring of positive energy (right hand)
Wands
 h - a wand of random effects (23)
Scrolls
 d - 2 scrolls of enchant armour {unknown}
 e - 2 scrolls of remove curse {unknown}
 j - 2 scrolls of identify {unknown}
 m - a scroll of enchant weapon {unknown}
 n - a scroll of magic mapping {unknown}
Potions
 b - a potion of magic {unknown}
 g - a potion of stabbing {unknown}
 i - a potion of heal wounds {unknown}
 k - 3 potions of curing {unknown}
 q - 2 potions of brilliance {unknown}
 r - a potion of ambrosia {unknown}
 s - a potion of mutation {unknown}
 t - a potion of berserk rage {unknown}
Comestibles
 c - 8 rations
 f - 3 chunks of flesh


   Skills:
 + Level 3.7 Fighting
 + Level 4.6 Long Blades
 + Level 2.9 Armour
 + Level 2.3 Dodging


You had 4 spell levels left.
You didn't know any spells.
Your spell library was empty.

Dungeon Overview and Level Annotations

Branches:
Dungeon (3/15)

Altars:


Message History

The orc wizard barely misses you.
You riposte.
You hit the orc wizard.
The orc wizard is almost dead.
The orc wizard points at you and mumbles some strange words.
The puff of frost hits you!
* * * LOW HITPOINT WARNING * * *
You hit the orc wizard but do no damage.
The orc wizard is almost dead.
The orc wizard casts a spell at you. The magic dart hits you!
* * * LOW HITPOINT WARNING * * *
The orc wizard casts a spell at you.
The magic dart hits you but does no damage.
The orc wizard looks encouraged for a moment.
You closely miss the orc wizard.
The orc wizard is almost dead.
You are near starving!
The orc wizard barely misses you.
The orc wizard points at you and mumbles some strange words.
The puff of flame hits you.
You die...

#.#########.......
###.# #÷######
#...###### #.#
#.......⌠# ..#
#...#..### #..#
#.....+# #+..
#....## ##. ###)⌠#
⌠ #o@## ## #..⌠#
#...# #.... #.....
#....$. #.$.....
####+####


You could see an orc wizard (fast).

Vanquished Creatures
  An orc priest (D:3)
  Jessica (D:3)
  2 adders (D:2)
  2 dart slugs (D:1)
  2 worms (D:2)
  4 leopard geckos
  3 orcs (D:3)
  2 ball pythons (D:2)
  4 giant cockroaches
  8 goblins
  4 hobgoblins
  8 kobolds
  A quokka (D:2)
  7 bats
  4 frilled lizards
  4 rats
57 creatures vanquished.

Notes
Turn   | Place    | Note
-------+----------+-------------------------------------------
     0 | D:1      | Exodus22XD the Human Berserker began the quest for the Orb.
     0 | D:1      | Reached XP level 1. HP: 18/18 MP: 1/1
   237 | D:1      | Reached XP level 2. HP: 16/24 MP: 2/2
   591 | D:1      | Reached XP level 3. HP: 29/29 MP: 3/3
  1110 | D:2      | Reached ** piety under Trog
  1527 | D:2      | Reached XP level 4. HP: 35/35 MP: 4/4
  1729 | D:2      | Reached skill level 4 in Long Blades
  2121 | D:3      | Noticed Jessica
  2128 | D:3      | Killed Jessica
  2128 | D:3      | Reached XP level 5. HP: 39/42 MP: 5/5
  2241 | D:3      | Killed from afar by an orc wizard

Illustrated notes

Levels and vault maps discovered:
D:1:      shiori_angband_town, layout_basic
D:2:      layout_rooms, minmay_hexomino_f4
D:3:      layout_basic, nicolae_overflow_quartered_altars, tso_metal_star,
          ebering_ghost_reflecting_pool, uniq_jessica

Skill      XL: |  1  2  3  4 |
---------------+-------------+-----
Long Blades    | 4 |  4.6
Fighting       | |  3.7
Armour         | |  2.9
Dodging        | |  2.3

Action                   |  1- 3 |  4- 6 || total
-------------------------+-------+-------++-------
Melee: Falchion          |   127 |   103 ||   230
Invok: Trog's Hand       |     1 |     2 ||     3
       Berserk           |       |     1 ||     1
 Stab: Sleeping          |     1 |       ||     1
  Eat: Chunk             |     3 |     2 ||     5
Armor: Animal skin       |    13 |       ||    13
       Ring mail         |    42 |    10 ||    52
       Plate armour      |       |    41 ||    41
Dodge: Dodged            |    95 |    30 ||   125
       Rpst.: Falchion   |    38 |    11 ||    49
